 Dungeon Crawl Stone Soup version 0.29-a0-617-g7a6b98fccd (webtiles) character file.

Game seed: 14091749213883834567

299 avis the Chiller (level 5, -2/60 HPs)
             Began as a Demigod Ice Elementalist on June 17, 2022.
             Slain by an iguana (5 damage)
             ... on level 4 of the Dungeon.
             The game lasted 00:20:49 (4846 turns).

avis the Chiller (Demigod Ice Elementalist)         Turns: 4846, Time: 00:20:50

Health: -2/60      AC: 29    Str:  9    XL:     5   Next: 89%
Magic:  11/12      EV:  2    Int: 17    God:
Gold:   122        SH:  0    Dex: 18    Spells: 4/10 levels left

rFire   . . .      SeeInvis .   a - +0 hunting sling
rCold   . . .      Faith    .   (no shield)
rNeg    . . .      Spirit   .   (body armour currently unavailable)
rPois   +          Reflect  .   (helmet currently unavailable)
rElec   .          Harm     .   (cloak currently unavailable)
rCorr   .          Rampage  .   (gloves currently unavailable)
Will    .....      NoTele   +   (boots currently unavailable)
Stlth   ++........              (no amulet)
HPRegen 0.20/turn               (no ring)
MPRegen 0.13/turn               (no ring)

@: ice-armoured, tree-form
A: stationary, stasis, torment immunity, boosted hp, high MP 1, forlorn, divine
attributes
a: no special abilities


You were on level 4 of the Dungeon.
You were a tree.
You visited 1 branch of the dungeon, and saw 4 of its levels.

You collected 122 gold pieces.

Inventory:

Hand Weapons
 a - a +0 hunting sling (weapon)
Armour
 o - a +0 cloak (melded)
 s - a +0 robe (melded)
 u - a +0 helmet (melded)
Jewellery
 l - a +6 ring of strength
Wands
 q - a wand of flame (24)
 t - a wand of light (5)
Scrolls
 c - a scroll of fear {unknown}
 d - a scroll of fog {unknown}
 h - a scroll of immolation {unknown}
 i - 2 scrolls of enchant weapon {unknown}
 j - a scroll of teleportation {unknown}
 m - 2 scrolls of poison {unknown}
 n - a scroll of vulnerability {unknown}
 p - 6 scrolls of identify {unknown}
 r - 2 scrolls of amnesia {unknown}
Potions
 b - a potion of magic
 e - a potion of brilliance {unknown}
 f - a potion of haste {unknown}
 g - a potion of lignification


   Skills:
 - Level 1.0 Fighting
 - Level 2.0 Dodging
 + Level 1.9 Stealth
 - Level 3.0 Spellcasting
 - Level 6.0 Ice Magic


You had 4 spell levels left.
You knew the following spells:

 Your Spells              Type           Power      Damage    Failure   Level
a - Freeze                Ice            88%        1d10      1%          1
e - Wereblood             Tmut           2%         N/A       26%         2
o - Ozocubu's Armour      Ice            22%        N/A       4%          3

Your spell library contained the following spells:

 Spells                   Type           Power      Damage    Failure   Level
 Frozen Ramparts          Ice            44%        1d6       4%          3
 Sandblast                Erth           4%         2d4       17%         1
 Shock                    Conj/Air       8%         1d3       17%         1
 Summon Small Mammal      Summ           8%         N/A       17%         1
 Passwall                 Tmut/Erth      1%         N/A       26%         2
 Sublimation of Blood     Necr           2%         N/A       26%         2
 Call Canine Familiar     Summ           2%         N/A       45%         3
 Stone Arrow              Conj/Erth      4%         3d7       45%         3
 Summon Guardian Golem    Hex/Summ       2%         N/A       45%         3
 Swiftness                Air            2%         N/A       45%         3
 Hailstorm                Conj/Ice       12%        3d5       45%         4
 Airstrike                Air            1%         N/A       86%         4
 Summon Hydra             Summ           1%         N/A       100%        7


Dungeon Overview and Level Annotations

Branches:
Dungeon (4/15)
 Temple: D:4-7

Shops:
D:4 ?


Innate Abilities, Weirdness & Mutations

You are a tree.
Your roots penetrate the ground, keeping you stationary.
You cannot be teleported.
You are immune to unholy pain and torment.
Your maximum health is greatly increased.
Your equipment is partially melded.
You have an increased reservoir of magic. (+10% MP)
You shall have no god before yourself.
Your divine heritage dramatically boosts your attributes as you level up.


Message History

Press: ? - help, Q - select action, (/) - cycle Shift-Dir - straight line, f/p - iguana
Aim: an iguana (heavily wounded, 61% to hit)
You shoot a sling bullet. The sling bullet hits the iguana.
The iguana is heavily wounded.
The iguana bites you.
* * * LOW HITPOINT WARNING * * *
Really quaff the potion of lignification?
You turn into a tree.
Your +0 cloak melds into your body.
Your +0 helmet melds into your body.
Your +0 robe melds into your body.
Your roots penetrate the ground.
The iguana bites you.
* * * LOW HITPOINT WARNING * * *
Okay, then.
Fire: a) +0 hunting sling
Press: ? - help, Q - select action, (/) - cycle Shift-Dir - straight line, f/p - iguana
Aim: an iguana (heavily wounded, 61% to hit)
You shoot a sling bullet.
The sling bullet hits the iguana but does no damage.
The iguana is heavily wounded.
The iguana bites you but does no damage.
The iguana barely misses you.
Fire: a) +0 hunting sling
Press: ? - help, Q - select action, (/) - cycle Shift-Dir - straight line, f/p - iguana
Aim: an iguana (heavily wounded, 61% to hit)
You shoot a sling bullet.
The sling bullet hits the iguana but does no damage.
The iguana is heavily wounded.
The iguana bites you but does no damage.
Fire: a) +0 hunting sling
Press: ? - help, Q - select action, (/) - cycle Shift-Dir - straight line, f/p - iguana
Aim: an iguana (heavily wounded, 61% to hit)
You shoot a sling bullet.
The sling bullet barely misses the iguana.
The iguana bites you but does no damage. x2
Fire: a) +0 hunting sling
Press: ? - help, Q - select action, (/) - cycle Shift-Dir - straight line, f/p - iguana
Aim: an iguana (heavily wounded, 61% to hit)
You shoot a sling bullet. The sling bullet hits the iguana.
The iguana is severely wounded.
The iguana bites you.
You die...

........#.#..#####
..###.#.#...#######
......#.###.......####
...####+##..∩........#
...# #........^......#
...###...............#
.<...................#
..####...............#
..# #..........♣l...#
### #.........#####.#
#.........# #)#
.........# #.)
(.......# ##.. .. ..#
# ... .... #####


You could see an iguana.

Vanquished Creatures
  A phantom (D:4)
  2 hounds (D:3)
  Robin (D:2)
  4 gnolls (D:3)
  3 adders
  3 worms (D:2)
  2 dart slugs
  6 orcs
  7 endoplasms
  3 giant cockroaches
  10 goblins
  9 hobgoblins
  6 jackals
  5 kobolds
  A quokka (D:1)
  3 ball pythons (D:1)
  2 bats (D:1)
  2 frilled lizards (D:1)
  7 rats
77 creatures vanquished.

Notes
Turn   | Place    | Note
-------+----------+-------------------------------------------
     0 | D:1      | avis the Demigod Ice Elementalist began the quest for the
                  | Orb.
     0 | D:1      | Reached XP level 1. HP: 14/14 MP: 5/5
   446 | D:1      | Reached skill level 4 in Ice Magic
   448 | D:1      | Reached XP level 2. HP: 20/20 MP: 1/7
  1566 | D:2      | Reached XP level 3. HP: 22/26 MP: 4/8
  1570 | D:2      | Learned a level 3 spell: Ozocubu's Armour
  1573 | D:2      | Learned a level 2 spell: Wereblood
  2033 | D:2      | Noticed Robin
  2474 | D:2      | Reached skill level 5 in Ice Magic
  2675 | D:2      | Killed Robin
  2695 | D:2      | Reached XP level 4. HP: 12/33 MP: 3/10
  4028 | D:3      | Reached XP level 5. HP: 23/38 MP: 8/12
  4554 | D:4      | Found Fimaot's Magic Scroll Shoppe.
  4634 | D:4      | HP: 2/57 [phantom (2)]
  4644 | D:4      | Reached skill level 6 in Ice Magic
  4644 | D:4      | Reached skill level 1 in Fighting
  4842 | D:4      | HP: 1/60 [iguana (5)]
  4846 | D:4      | Slain by an iguana

Illustrated notes

Levels and vault maps discovered:
D:1:      evilmike_arrival_hilbert_curve, layout_loops_ring
D:2:      layout_loops_corners, uniq_robin
D:3:      layout_basic
D:4:      layout_basic, kennysheep_little_box, minmay_temple_entry_proselytizer,
          serial_shops, shop_scrolls, nicolae_shop_hallway_plus, shop, shop,
          minmay_manual_mess

Skill      XL: |  1  2  3  4  5 |
---------------+----------------+-----
Spellcasting   | 2 3 |  3.0
Ice Magic      | 4 5 6 |  6.0
Fighting       | 1 |  1.0
Dodging        | 2 |  2.0
Stealth        | |  1.9

Action                   |  1- 3 |  4- 6 || total
-------------------------+-------+-------++-------
Melee: Whip              |    16 |    11 ||    27
 Fire: Hunting sling     |       |   129 ||   129
 Cast: Freeze            |    87 |     4 ||    91
       Ozocubu's Armour  |     1 |     8 ||     9
  Use: Potion            |       |     4 ||     4
Armor: Robe              |    12 |    51 ||    63
       Skin              |       |    24 ||    24
Dodge: Dodged            |    50 |    90 ||   140

Table legend: (Time is in decaauts)
 A = Elapsed time spent in this place.
 B = Non-inter-level travel time spent in this place.
 C = Inter-level travel time spent in this place.
 D = Time resting spent in this place.
 E = Time spent auto-exploring this place.
 F = Levels seen in this place.
 G = Mean time per level.
                   A        B        C        D        E       F      G
               +--------+--------+--------+--------+--------+-----+--------+
         Total |   4915 |   4422 |    493 |   1615 |   1925 |   4 | 1228.8 |
       Dungeon |   4915 |   4422 |    493 |   1615 |   1925 |   4 | 1228.8 |
               +--------+--------+--------+--------+--------+-----+--------+

Top non-repeatable levels by time:
     D:2: 1917 daAuts
     D:1: 1601 daAuts
     D:3: 1029 daAuts
     D:4: 366 daAuts
